Map: Terrazas hostiles

Players

MrFercho

  • Race: Zerg Zerg
  • League: Gold
  • Spawn Location: 12:00

TATORREA

  • Race: Protoss Protoss
  • League: Gold
  • Spawn Location: 6:00

tigro

  • Race: Terran Terran
  • League: Bronze
  • Spawn Location: 12:00

IA (Fácil)

  • Race: Terran Terran
  • Spawn Location: 7:00

IA (Fácil)

  • Race: Zerg Zerg
  • Spawn Location: 5:00

IA (Fácil)

  • Race: Protoss Protoss
  • Spawn Location: 1:00

IA (Fácil)

  • Race: Zerg Zerg
  • Spawn Location: 11:00

IA (Fácil)

  • Race: Terran Terran
  • Spawn Location: 6:00

VOD

Have the link to the VOD?

Description

Time

  • Played on: Aug. 4, 2020, 10:04 p.m.
  • Length: 7:24
Show
View Real Time Build Order
Export as new Build Order

MrFercho Zerg 

Build Orders: Pool First 

Get SALT Encoding   

  12  0:19  Spawning Pool  
  11  0:23  Drone  
  11  0:27  Drone  
  13  0:43  Overlord  
  13  0:44  Drone  
  14  1:06  Zergling x4  
  14  1:08  Drone  
  17  1:14  Queen  
  19  1:18  Zergling x2  
  20  1:28  Drone  
  21  1:55  Hatchery  
  21  1:56  Zergling x2  
  21  1:57  Zergling x2  
  19  2:21  Zergling x4  
  21  2:30  Zergling x2  
  21  2:37  Zergling x4  
  21  2:39  Overlord  
  22  2:58  Zergling x4  
  24  3:12  Zergling x10  
  26  3:19  Zergling x2  
  25  3:27  Queen  
  25  3:30  Drone x2  
  24  3:49  Zergling x6  
  25  3:56  Zergling x2  
  25  3:57  Zergling x8  
  29  4:07  Spine Crawler  
  28  4:11  Zergling x4  
  29  4:21  Zergling x2  
  29  4:22  Zergling x2  
  30  4:31  Queen  
  28  4:33  Drone x3  
  33  4:53  Drone x3  
  36  5:04  Overlord x2  
  36  5:09  Extractor  
  36  5:12  Extractor  
  34  5:17  Drone x2  
  34  5:18  Overlord  
  36  5:35  Extractor  
  35  5:49  Drone x3  
  38  5:51  Drone x3  
  38  5:53  Drone x2  
  43  5:57  Hatchery  
  43  6:03  Drone x2  
  43  6:04  Drone x4  
  48  6:20  Drone  
  49  7:09  Drone x10  
  49  7:10  Drone x6  
Show
View Real Time Build Order
Export as new Build Order

TATORREA Protoss 

Build Orders:  

Get SALT Encoding   

  12  0:03  Probe  
  13  0:16  Probe  
  13  0:19  Pylon  
  14  0:33  Probe  
  15  0:45  Probe  
  15  0:47  Gateway  
  16  0:58  Probe  
  17  1:10  Probe (Chrono Boost)  
  17  1:15  Gateway  
  17  1:18  Assimilator  
  17  1:22  Pylon, Probe (Chrono Boost)  
  18  1:29  Probe (Chrono Boost)  
  19  1:38  Probe  
  19  1:39  Cybernetics Core  
  20  1:50  Probe  
  20  1:53  Assimilator  
  21  2:02  Probe  
  22  2:14  Probe  
  20  2:15  Stalker (Chrono Boost)  
  23  2:18  Stalker (Chrono Boost)  
  26  2:31  Warp Gate  
  26  2:37  Stalker (Chrono Boost)  
  28  3:14  Stalker  
  30  3:42  Probe  
  31  4:02  Pylon  
  31  4:05  Pylon  
  31  4:07  Gateway  
  31  4:10  Gateway  
  31  4:17  Nexus  
  31  4:19  Pylon  
  31  4:20  Stalker, Probe  
  31  4:21  Pylon  
  34  4:43  Probe  
  35  4:51  Robotics Facility  
  35  4:54  Stargate  
  35  4:55  Probe  
  35  4:56  Stargate  
  36  5:08  Probe  
  37  5:18  Stalker x3  
  37  5:20  Probe  
  44  5:32  Probe  
  45  5:42  Void Ray  
  45  5:45  Void Ray  
  53  5:50  Probe  
  53  5:51  Probe  
  55  6:03  Probe x2  
  57  6:06  Assimilator  
  57  6:09  Assimilator  
  57  6:15  Probe x2  
  59  6:19  Immortal  
  63  6:27  Probe x2  
  65  6:58  Observer  
Show
View Real Time Build Order
Export as new Build Order

tigro Terran 

Build Orders: 2 Factory 

Get SALT Encoding   

  12  0:16  Supply Depot  
  12  0:20  SCV  
  13  0:32  SCV  
  14  0:42  Barracks  
  14  0:44  SCV  
  15  0:52  Refinery  
  15  0:56  SCV  
  16  1:08  SCV  
  17  1:14  Supply Depot  
  17  1:21  SCV  
  18  1:29  Marine  
  19  1:33  SCV  
  20  1:43  Refinery  
  20  1:45  SCV  
  21  1:47  Marine  
  22  2:03  Factory  
  22  2:05  Marine  
  20  2:22  Marine  
  20  2:40  Marine  
  19  2:52  Factory  
  19  2:58  Marine  
  20  3:08  Engineering Bay  
  19  3:16  Marine  
  13  3:27  SCV  
  13  3:34  Marine  
  11  3:39  SCV  
  6  3:51  Marine, SCV  
  7  4:00  Hellion  
  9  4:03  SCV  
  10  4:15  SCV  
  10  4:22  Hellion  
  12  4:27  SCV  
  8  4:57  Marine  
  9  5:04  SCV  
  10  5:15  Marine  
Show
View Real Time Build Order
Export as new Build Order

IA (Fácil) Terran 

Build Orders:  

Get SALT Encoding   

  12  0:01  SCV  
  13  0:13  SCV  
  14  0:19  Supply Depot  
  14  0:25  SCV  
  15  0:41  SCV  
  16  0:45  Barracks  
  16  1:13  Command Center  
  16  1:32  Orbital Command  
  16  1:34  Marine  
  16  1:37  Supply Depot  
  17  1:47  Refinery  
  17  1:52  Marine  
  18  1:58  SCV  
  18  1:59  Refinery  
  19  2:10  Marine  
  19  2:11  SCV  
  21  2:23  SCV  
  21  2:26  SCV  
  21  2:29  Barracks Tech Lab  
  23  2:35  SCV  
  24  2:38  SCV  
  25  2:47  Marine  
  25  2:52  SCV  
  25  3:03  Refinery  
  25  3:04  Marine  
  24  3:08  SCV  
  24  3:19  SCV  
  24  3:23  SCV  
  24  3:24  Reaper  
  26  3:31  SCV  
  24  3:35  SCV  
  25  3:43  SCV  
  25  3:48  SCV  
  27  3:55  SCV  
  25  3:56  Marine  
  25  4:00  SCV  
  23  4:03  Refinery  
  23  4:07  SCV  
  21  4:12  SCV  
  21  4:14  Marine  
  23  4:19  SCV  
  23  4:24  SCV  
  21  4:32  SCV  
  21  4:34  Marauder  
  21  4:38  SCV  
  22  4:45  SCV  
  23  4:50  SCV  
  24  4:57  SCV  
  26  5:02  SCV  
  22  5:09  SCV  
  21  5:14  SCV  
  22  5:32  SCV  
  21  5:37  SCV  
  20  5:53  Barracks  
  19  6:11  Supply Depot  
  19  6:25  Command Center  
  19  6:35  Supply Depot  
  19  6:39  SCV  
  19  6:42  Marine  
  18  6:51  SCV  
  16  7:03  Barracks Tech Lab, SCV  
Show
View Real Time Build Order
Export as new Build Order

IA (Fácil) Zerg 

Build Orders: Pool First 

Get SALT Encoding   

  12  0:01  Drone  
  13  0:12  Overlord  
  13  0:17  Drone  
  14  0:30  Drone  
  14  0:35  Drone  
  16  0:44  Spawning Pool  
  16  0:45  Drone  
  16  0:48  Extractor  
  15  0:51  Drone  
  16  1:00  Overlord  
  16  1:31  Zergling x2, Queen  
  19  1:34  Roach Warren  
  19  1:36  Extractor  
  19  1:37  Drone  
  18  1:42  Drone  
  19  1:55  Zergling x2  
  20  2:07  Overlord  
  20  2:19  Roach  
  22  2:37  Drone  
  22  2:42  Drone  
  22  2:43  Roach  
  26  2:52  Overlord  
  26  2:57  Drone  
  27  3:02  Drone  
  28  3:06  Roach  
  28  3:10  Drone  
  31  3:14  Drone  
  32  3:30  Roach  
  33  3:54  Roach  
  35  4:18  Zergling x2  
  36  6:30  Zergling x2  
  36  6:47  Drone  
  36  6:49  Overlord  
  36  6:51  Zergling x2  
  36  6:52  Drone  
  36  6:54  Hatchery  
  36  6:57  Drone  
  31  7:01  Drone  
Show
View Real Time Build Order
Export as new Build Order

IA (Fácil) Protoss 

Build Orders:  

Get SALT Encoding   

  12  0:01  Probe  
  13  0:13  Probe  
  14  0:22  Pylon  
  14  0:25  Probe  
  15  0:36  Probe  
  16  0:45  Assimilator  
  16  0:53  Gateway  
  16  0:56  Pylon  
  16  1:18  Assimilator  
  16  1:32  Zealot  
  16  1:43  Cybernetics Core  
  18  1:47  Probe  
  18  1:52  Zealot  
  19  2:00  Probe  
  12  2:12  Probe  
  13  2:24  Probe  
  14  2:32  Adept  
  14  2:36  Probe  
  17  2:48  Probe  
  18  2:52  Warp Gate  
  18  2:58  Stalker  
  18  3:00  Probe  
  19  3:12  Probe  
  18  3:24  Probe  
  19  3:36  Probe  
  16  3:48  Probe  
  13  4:01  Probe  
  13  4:13  Probe  
  10  4:25  Probe  
  7  4:37  Probe  
  5  4:49  Probe  
  4  5:01  Probe  
  4  5:13  Probe  
  1  5:25  Probe  
Show
View Real Time Build Order
Export as new Build Order

IA (Fácil) Zerg 

Build Orders: Pool First 

Get SALT Encoding   

  12  0:01  Drone  
  13  0:12  Overlord  
  13  0:18  Drone  
  14  0:30  Drone  
  14  0:35  Drone  
  16  0:44  Spawning Pool  
  16  0:45  Drone  
  16  0:48  Extractor  
  15  0:52  Drone  
  16  1:00  Overlord  
  16  1:31  Zergling x2  
  16  1:32  Queen  
  17  1:34  Roach Warren  
  17  1:36  Extractor  
  17  1:38  Drone  
  18  1:42  Drone  
  19  1:55  Zergling x2  
  20  2:09  Overlord  
  20  2:19  Lair, Roach  
  21  2:43  Zergling x2  
  22  2:54  Drone  
  23  3:00  Drone  
  25  3:05  Drone  
  25  3:07  Roach  
  27  3:19  Hydralisk Den  
  26  3:20  Drone  
  26  3:25  Drone  
  28  3:33  Overlord  
  28  3:40  Zergling x2  
  26  3:49  Drone  
  26  3:53  Drone  
  28  4:04  Roach  
  30  4:27  Hydralisk  
  32  4:45  Drone  
  32  4:50  Hydralisk  
  34  6:27  Drone  
  34  6:29  Overseer, Roach  
  34  6:30  Overseer  
  34  6:31  Overlord x2  
  34  6:32  Drone  
  38  6:35  Hatchery  
  38  6:37  Drone  
  38  6:41  Drone  
  38  6:46  Drone  
  40  6:50  Roach  
Show
View Real Time Build Order
Export as new Build Order

IA (Fácil) Terran 

Build Orders:  

Get SALT Encoding   

  12  0:01  SCV  
  13  0:13  SCV  
  14  0:19  Supply Depot  
  14  0:25  SCV  
  15  0:41  SCV  
  16  0:43  Barracks  
  16  0:45  Refinery  
  16  1:11  Supply Depot  
  16  1:21  Refinery  
  16  1:30  Marine  
  17  1:32  Orbital Command  
  17  1:50  Barracks Tech Lab  
  17  2:08  Marine  
  18  2:16  Supply Depot, SCV  
  19  2:29  SCV  
  20  2:33  Marine  
  21  2:41  SCV  
  22  2:53  SCV  
  23  2:59  Marauder  
  23  3:05  SCV  
  26  3:17  SCV  
  27  3:23  Marine  
  28  3:49  Marine  
  28  3:51  Supply Depot  
  25  4:06  Marine  
  26  4:24  Marine  
  27  4:45  Marauder  
  29  5:09  Marine  
  30  5:35  Marauder  
  32  6:50  Marine  
  30  6:58  SCV  
  28  7:04  Supply Depot  
  28  7:10  SCV  
  30  7:16  Factory  
  30  7:18  Command Center  
Tags
 
Add a new tag
Caveats
  • Supply blocks, unpowered buildings, or Contaminate may cause inaccurate times.
  • Supply counts are checked every 10 seconds.